 Dungeon Crawl Stone Soup version 0.24-a0-250-g6074511 (webtiles) character file.

Game seed: 3081568532171060353

98 MatthieuS the Chiller (level 5, -2/35 HPs)
             Began as a Human Ice Elementalist on Apr 15, 2019.
             Killed from afar by an orc wizard (6 damage)
             ... with a magic dart
             ... on level 2 of the Dungeon.
             The game lasted 00:04:22 (1886 turns).

MatthieuS the Chiller (Human Ice Elementalist)      Turns: 1886, Time: 00:04:23

Health: -2/35      AC:  2    Str:  9    XL:     5   Next: 1%
Magic:  2/10       EV: 12    Int: 16    God:
Gold:   98         SH:  0    Dex: 13    Spells: 7/10 levels left

rFire    . . .     SeeInvis +   i - +0 dagger
rCold    . . .     Gourm    .   (no shield)
rNeg     . . .     Faith    .   a - +0 robe
rPois    .         Spirit   .   (no helmet)
rElec    .         Reflect  .   (no cloak)
rCorr    .         Harm     .   (no gloves)
MR       .....                  (no boots)
Stlth    ++........             (no amulet)
HPRegen  0.11/turn              z - ring of see invisible
MPRegen  0.12/turn              (no ring)

@: very slightly contaminated, slowed, invisible (expiring), very slow
A: no striking features
a: no special abilities


You were on level 2 of the Dungeon.
You were not hungry.

You visited 1 branch of the dungeon, and saw 2 of its levels.

You collected 98 gold pieces.

Inventory:

Hand Weapons
 i - a +0 dagger (weapon)
   (You took it off a goblin on level 1 of the Dungeon)
Armour
 a - a +0 robe (worn)
Jewellery
 d - a +2 ring of intelligence {unknown}
   (You found it on level 2 of the Dungeon)
 z - a ring of see invisible (left hand)
   (You found it on level 1 of the Dungeon)
Scrolls
 b - a scroll of blinking {unknown}
 c - a scroll of teleportation {unknown}
 f - a scroll of noise {unknown}
 h - a scroll of fear {unknown}
 l - 2 scrolls of magic mapping {unknown}
 m - a scroll of enchant armour {unknown}
 n - 2 scrolls of identify {unknown}
Potions
 g - a potion of lignification {unknown}
Comestibles
 e - 3 rations
 k - 3 chunks of flesh


   Skills:
 - Level 2.0 Dodging
 - Level 2.0 Stealth
 + Level 3.4 Spellcasting
 - Level 1.0 Conjurations
 + Level 4.2 Ice Magic


You had 7 spell levels left.
You knew the following spells:

 Your Spells              Type           Power        Failure   Level  Hunger
a - Freeze                Ice            ###.         3%          1    None
b - Throw Frost           Conj/Ice       ##....       9%          2    ##.....

Your spell library contained the following spells:

 Spells                   Type           Power        Failure   Level  Hunger
 Ozocubu's Armour         Chrm/Ice       #.......     22%         3    ###....
 Throw Icicle             Conj/Ice       ##......     52%         4    ####...
 Summon Ice Beast         Ice/Summ       #.......     58%         4    ####...


Dungeon Overview and Level Annotations

Branches:
Dungeon (2/15)

Altars:


Message History

The magic dart hits you!
* * * LOW HITPOINT WARNING * * *
Items here: ))) [ ÷ a +0 flail; a +0 hand axe; a +0 leather armour; a +0 hand axe; an orc skeleton It was a potion of invisibility.
You fade into invisibility!
The orc wizard casts a spell at you. The magic dart hits you!
* * * LOW HITPOINT WARNING * * *
You are very lightly contaminated with residual magic.
The orc wizard barely misses you.
You barely miss the orc wizard.
The orc wizard gestures at you while chanting.
You feel yourself slow down. The orc wizard closely misses you.
You hit the orc wizard.
The orc wizard points at you and mumbles some strange words.
The magic dart hits you.
* * * LOW HITPOINT WARNING * * *
The orc wizard barely misses you.
You feel better.
The orc wizard points at you and mumbles some strange words.
The magic dart hits you!
* * * LOW HITPOINT WARNING * * *
The orc wizard barely misses you.
You feel better. The orc wizard casts a spell at you. The magic dart hits you.
* * * LOW HITPOINT WARNING * * *
The orc wizard hits you but does no damage.
You hit the orc wizard but do no damage.
The orc wizard barely misses you.
The orc wizard hits you with a +0 dagger.
* * * LOW HITPOINT WARNING * * *
The orc wizard hits you with a +0 dagger.
* * * LOW HITPOINT WARNING * * *
You feel better.
You flicker for a moment.
The orc wizard barely misses you.
The orc wizard hits you but does no damage.
You hit the orc wizard.
The orc wizard gestures at you while chanting.
The magic dart hits you.
* * * LOW HITPOINT WARNING * * *
The orc wizard hits you with a +0 dagger.
* * * LOW HITPOINT WARNING * * *
You closely miss the orc wizard. The orc wizard casts a spell at you.
The magic dart hits you.
You die...

.... #......[...
.##......# ##..
#.......... ...#....#
oo........# ##.#....###
.?......# ####........#
........#####....>.#..#..
...............#......###
........#..........÷..###
#.......)..............##
#...#...@................
##..#.#.o..............##
....................##
#....#.....(..........#
#.....................#
#..#.................##
.[...####.....#......#
#.### ############.# ###


You could see an orc wizard.

Vanquished Creatures
  Jessica (D:2)
  An adder (D:2)
  3 oozes (D:1)
  2 worms (D:2)
  4 orcs (D:2)
  2 giant cockroaches (D:1)
  3 hobgoblins
  8 bats
  3 frilled lizards
  5 goblins
  5 kobolds
  7 rats
44 creatures vanquished.

Notes
Turn   | Place    | Note
-------+----------+-------------------------------------------
     0 | D:1      | MatthieuS the Human Ice Elementalist began the quest for
                  | the Orb.
     0 | D:1      | Reached XP level 1. HP: 13/13 MP: 3/3
   303 | D:1      | Reached XP level 2. HP: 19/19 MP: 0/5
   577 | D:1      | Learned a level 2 spell: Throw Frost
   706 | D:1      | Reached XP level 3. HP: 24/24 MP: 2/6
  1313 | D:2      | Noticed Jessica
  1447 | D:2      | Killed Jessica
  1447 | D:2      | Reached skill level 4 in Ice Magic
  1447 | D:2      | Reached XP level 4. HP: 30/30 MP: 0/8
  1865 | D:2      | Reached XP level 5. HP: 24/35 MP: 1/10
  1881 | D:2      | HP: 1/35 [orc wizard/magic dart (7)]
  1886 | D:2      | Killed from afar by an orc wizard

Levels and vault maps discovered:
D:1:      dpeg_arrival_stone_temple_mockup, layout_basic, roderic_roman_lattice
D:2:      layout_rooms, first_ration, uniq_jessica

Skill      XL: |  1  2  3 |
---------------+----------+-----
Spellcasting   | 3 |  3.4
Ice Magic      | 4 |  4.2
Dodging        | |  2.0
Stealth        | |  2.0
Conjurations   | |  1.0

Action                   |  1- 3 |  4- 6 || total
-------------------------+-------+-------++-------
Melee: Unarmed           |    14 |       ||    14
       Dagger            |    19 |     7 ||    26
 Cast: Freeze            |    38 |    23 ||    61
       Throw Frost       |     8 |     6 ||    14
  Use: Potion            |       |     5 ||     5
  Eat: Chunk             |     2 |     2 ||     4
Armor: Robe              |    21 |     2 ||    23
Dodge: Dodged            |    47 |    11 ||    58

Table legend:
 A = Non-vault XP
 B = Vault XP
 C = Vault XP percentage of total XP
 D = Non-vault monster count
 E = Vault monster count
 F = Vault count percentage of total count
                 A         B        C        D         E       F
            +---------+---------+-------+---------+---------+-------
      Total |     104 |      37 |  26.2 |      43 |       1 |   2.3
            +---------+---------+-------+---------+---------+-------
        D:1 |      54 |       0 |   0.0 |      27 |       0 |   0.0
        D:2 |      50 |      37 |  42.5 |      16 |       1 |   5.9
            +---------+---------+-------+---------+---------+-------
